 Dungeon Sprint DCSS version 0.26.1-11-gd32895ea62 (webtiles) character file.

Game seed: 14193770251578932885

111 Zeld the Shield-Bearer (level 4, -1/31 HPs)
             Began as a Gargoyle Fighter on June 15, 2021.
             Slain by Sigmund
             ... wielding a +0 scythe
              (12 damage)
             ... in the Dungeon (Sprint I: "Red Sonja").
             The game lasted 00:00:24 (583 turns).

Zeld the Shield-Bearer (Gargoyle Fighter)            Turns: 583, Time: 00:00:24

Health: -1/31      AC: 11    Str: 20    XL:     4   Next: 92%
Magic:  4/4        EV:  8    Int:  9    God:
Gold:   54         SH: 10    Dex:  9    Spells: 3/3 levels left

rFire    . . .     SeeInvis .   a - +0 flail
rCold    . . .     Faith    .   c - +0 kite shield
rNeg     + . .     Spirit   .   b - +0 scale mail
rPois    ∞         Reflect  .   (no helmet)
rElec    +         Harm     .   (no cloak)
rCorr    .         Rampage  .   (no gloves)
Will     .....     NoTele   +   (no boots)
Stlth    ..........             (no amulet)
HPRegen  0.10/turn              (no ring)
MPRegen  0.09/turn              (no ring)

@: no status effects
A: negative energy resistance 1, electricity resistance, unbreathing,
petrification resistance, miasma immunity, AC +3
a: no special abilities


You were in the Dungeon.
You visited 1 branch You collected 54 gold pieces.

Inventory:

Hand Weapons
 a - a +0 flail (weapon)
Armour
 b - a +0 scale mail (worn)
 c - a +0 kite shield (worn)
Scrolls
 j - a scroll of blinking
Potions
 e - a potion of curing
 f - a potion of heal wounds
 g - a potion of haste
 h - 2 potions of magic
 i - a potion of berserk rage


   Skills:
 + Level 5.2 Fighting
 * Level 5.7 Maces & Flails
 + Level 5.2 Armour
 * Level 6.7 Shields


You had 3 spell levels left.
You didn't know any spells.
Your spell library was empty.

Dungeon Overview and Level Annotations

Branches:
Dungeon (1/1)

Altars:

Annotations:
D Sigmund


Innate Abilities, Weirdness & Mutations

You are resistant to torment.
Your stone body is resilient. (AC +3)
You are immune to poison.
You resist negative energy. (rN+)
You are resistant to electric shocks. (rElec)
You can survive without breathing.
You are immune to petrification.
You are immune to miasma.


Message History

You hear some strange, mumbled words.
You are confused.
You miss something. Something hits you!
You're too confused to move!
Something hits you.
You bump into the rock wall.
You hear some strange, mumbled words.
Something tries to affect you, but you resist.
You bump into the rock wall.
Something hits you but does no damage.
You hear a zap.
Some rock shatters into small pieces.
You feel less confused. Something hits you but does no damage.
There is an open door here.
You miss something. You barely miss something.
Something hits you but does no damage.
You closely miss something. Something hits you but does no damage.
You closely miss something. Something hits you but does no damage.
You closely miss something. Something hits you.
You barely miss something. Something hits you!
You die...

#############
#<.#..).....+
#..)..#..@{.#
#..#####'####
#..# #..#
#..# ####
#..# #⌠⌠#
####


There were no monsters in sight!

Vanquished Creatures
  An ogre (D)
  Ijyb (D)
2 creatures vanquished.

Notes
Turn   | Place    | Note
-------+----------+-------------------------------------------
     0 | D        | Zeld the Gargoyle Fighter began the quest for the Orb.
     0 | D        | Reached XP level 1. HP: 14/14 MP: 1/1
     2 | D        | Noticed Ijyb
    32 | D        | Killed Ijyb
    33 | D        | Reached skill level 4 in Shields
    33 | D        | Reached XP level 2. HP: 16/20 MP: 2/2
   301 | D        | Noticed an ogre
   305 | D        | Killed an ogre
   306 | D        | Reached skill level 5 in Fighting
   306 | D        | Reached skill level 5 in Maces & Flails
   306 | D        | Reached skill level 5 in Armour
   306 | D        | Reached skill level 6 in Shields
   306 | D        | Reached XP level 3. HP: 5/26 MP: 3/3
   306 | D        | Reached XP level 4. HP: 6/31 MP: 4/4
   556 | D        | Noticed Sigmund
   583 | D        | Slain by Sigmund

Illustrated notes

Levels and vault maps discovered:
D:        dungeon_sprint_1 [red_sonja_temple_1, red_sonja_temple_small_1]

Skill      XL: |  1  2 |
---------------+-------+-----
Fighting       | 4 5 |  5.2
Maces & Flails | 3 5 |  5.7
Armour         | 4 5 |  5.2
Shields        | 4 6 |  6.7

Action                   |  1- 3 |  4- 6 || total
-------------------------+-------+-------++-------
Melee: Flail             |    32 |    19 ||    51
  Use: Potion            |     1 |       ||     1
Armor: Scale mail        |    27 |     7 ||    34
Dodge: Dodged            |     2 |     1 ||     3
Block: Kite shield       |     9 |     2 ||    11
